 Dungeon Crawl Stone Soup version 0.28.0-53-g5a82cb258f (webtiles) character file.

Game seed: 16897941648464550757

155 QueenGhuleh the Chopper (level 5, -5/47 HPs)
             Began as a Minotaur Berserker on Aug 22, 2022.
             Was a Believer of Trog.
             Slain by Sigmund
             ... wielding a +0 scythe
              (7 damage)
             ... on level 4 of the Dungeon.
             The game lasted 00:04:15 (2307 turns).

QueenGhuleh the Chopper (Minotaur Berserker)        Turns: 2307, Time: 00:04:16

Health: -5/47      AC: 13    Str: 23    XL:     5   Next: 14%
Magic:  4/4        EV: 10    Int:  4    God:    Trog [**....]
Gold:   79         SH:  0    Dex: 10    Spells: 4/4 levels left

rFire   . . .      SeeInvis .   a - +0 hand axe
rCold   + . .      Faith    .   (no shield)
rNeg    . . .      Spirit   .   g - +7 Kryia's mail coat {PotionHeal*2 rC+}
rPois   .          Reflect  .   (helmet restricted)
rElec   .          Harm     .   (no cloak)
rCorr   .          Rampage  .   (no gloves)
Will    .....                   (no boots)
Stlth   ..........              (no amulet)
HPRegen 0.15/turn               (no ring)
MPRegen 0.09/turn               (no ring)

@: on berserk cooldown, slowed, very slow
A: horns 2, retaliatory headbutt
a: Renounce Religion, Berserk, Trog's Hand


You were on level 4 of the Dungeon.
You worshipped Trog.
Trog was pleased with you.
You visited 1 branch of the dungeon, and saw 4 of its levels.

You collected 79 gold pieces.

Inventory:

Hand Weapons
 a - a +0 hand axe (weapon)
Armour
 g - the +7 Kryia's mail coat (worn) {PotionHeal*2 rC+}
   (You found it on level 2 of the Dungeon)

   Potions are twice as effective at healing its wearer.
   rC:        It protects you from cold.
Scrolls
 b - a scroll of blinking {unknown}
 d - 3 scrolls of identify {unknown}
 i - a scroll of fear {unknown}
 j - a scroll of holy word {unknown}
 k - a scroll of teleportation {unknown}
Potions
 c - 2 potions of berserk rage {unknown}
 e - 3 potions of mutation {unknown}
 f - a potion of curing {unknown}
 h - a potion of cancellation {unknown}


   Skills:
 + Level 4.7 Fighting
 + Level 5.5 Axes
 + Level 3.2 Armour
 + Level 2.7 Dodging
 + Level 0.5 Stealth


You had 4 spell levels left.
You didn't know any spells.
Your spell library was empty.

Dungeon Overview and Level Annotations

Branches:
Dungeon (4/15)
 Temple: D:4-7

Altars:

Annotations:
D:4 Sigmund


Innate Abilities, Weirdness & Mutations

You have a pair of horns on your head.
You reflexively headbutt those who attack you in melee.


Message History

You hit the iguana. The iguana bites you. Sigmund casts a spell at you.
The puff of flame misses you. The iguana completely misses you.
You slash Sigmund!
Sigmund is heavily wounded.
You hit the iguana but do no damage.
Sigmund gestures wildly while chanting.
Sigmund flickers and vanishes!
Deactivating autopickup; reactivate with Ctrl-A.
The iguana closely misses you.
You miss something. You headbutt something. You slash the iguana!
You hear some strange, mumbled words.
Something tries to affect you, but you resist.
The iguana bites you but does no damage.
Something completely misses you. The iguana misses you.
You furiously retaliate!
You headbutt the iguana, but do no damage.
You hit something. You barely miss the iguana. The iguana bites you!
* * * LOW HITPOINT WARNING * * *
Something hits you.
* * * LOW HITPOINT WARNING * * *
You slash something! You closely miss the iguana. The iguana barely misses you.
You hear some strange, mumbled words.
You are confused.
The iguana bites you but does no damage.
You bump into the rock wall.
You hear some strange, mumbled words.
Something tries to affect you, but you resist.
The iguana barely misses you. Something hits you.
* * * LOW HITPOINT WARNING * * *
The iguana closely misses you.
You barely miss the iguana.
The iguana is severely wounded.
Something hits you but does no damage. The iguana bites you.
* * * LOW HITPOINT WARNING * * *
You bump into the rock wall.
You feel less confused. Something hits you!
You die...

#####################
....................#
...........l.........
#####..{####...###..
#..l# #...### #..@#
#.....# #.......#
##....# #......##
#....# #......#
#....####.## #......#
#........... #......#
####.####.##
#........ #.#
#........ #.# #.#


You could see an iguana.

Vanquished Creatures
  A bullfrog zombie (D:3)
  An iguana (D:3)
  3 adders
  A worm (D:2)
  An orc (D:3)
  9 endoplasms
  3 giant cockroaches
  9 goblins
  7 hobgoblins
  4 jackals (D:1)
  3 kobolds (D:1)
  3 quokkas
  7 ball pythons
  3 bats
  A frilled lizard (D:2)
  8 rats
64 creatures vanquished.

Vanquished Creatures (others)
  A demonic plant (D:1)
1 creature vanquished.

Grand Total: 65 creatures vanquished

Notes
Turn   | Place    | Note
-------+----------+-------------------------------------------
     0 | D:1      | QueenGhuleh the Minotaur Berserker began the quest for the
                  | Orb.
     0 | D:1      | Reached XP level 1. HP: 19/19 MP: 0/0
   138 | D:1      | Found a faded altar of an unknown god.
   197 | D:1      | Reached skill level 4 in Axes
   197 | D:1      | Reached XP level 2. HP: 27/27 MP: 1/1
   724 | D:1      | Reached XP level 3. HP: 14/33 MP: 2/2
  1096 | D:1      | Reached ** piety under Trog
  1139 | D:2      | Found the +7 Kryia's mail coat {PotionHeal*2 rC+}
  1660 | D:2      | Reached XP level 4. HP: 41/41 MP: 3/3
  1762 | D:3      | Reached skill level 5 in Axes
  2014 | D:3      | Reached XP level 5. HP: 47/47 MP: 4/4
  2278 | D:4      | Noticed Sigmund
  2305 | D:4      | HP: 2/47 [something (5)]
  2307 | D:4      | Slain by Sigmund

Illustrated notes

Levels and vault maps discovered:
D:1:      dpeg_arrival_arbitrary_b, layout_basic, shapermc_ecumenical_altar_gd
D:2:      layout_loops_ring
D:3:      layout_rooms
D:4:      layout_basic, elyvilon_altar_4, kennysheep_little_box,
          yredelemnul_altar_generic, minmay_temple_entry_ruins,
          uniq_blork_the_orc, uniq_sigmund

Skill      XL: |  1  2  3  4 |
---------------+-------------+-----
Axes           | 4 5 |  5.5
Fighting       | 4 |  4.7
Armour         | 3 |  3.2
Dodging        | |  2.7
Stealth        | |  0.5

Action                   |  1- 3 |  4- 6 || total
-------------------------+-------+-------++-------
Melee: Hand axe          |    86 |    50 ||   136
       Headbutt          |    13 |     8 ||    21
Invok: Berserk           |       |     1 ||     1
Armor: Animal skin       |    10 |       ||    10
       Scale mail        |    12 |    29 ||    41
Dodge: Dodged            |    42 |    39 ||    81
